 Dungeon Crawl Stone Soup version 0.32-a0-909-gc671339a80 (webtiles) character file.

Game seed: 8374314764809450635

32 dialectric the Trooper (level 3, 0/43 HPs)
             Began as a Demonspawn Fighter on Apr 6, 2024.
             Was a Follower of Fedhas.
             Succumbed to an adder's poison
             ... on level 2 of the Dungeon.
             The game lasted 00:00:57 (659 turns).

dialectric the Trooper (Demonspawn Fighter)          Turns: 659, Time: 00:00:58

Health: 0/43       AC: 21    Str: 18    XL:     3   Next: 10%
Magic:  3/3        EV:  2    Int:  8    God:    Fedhas [*.....]
Gold:   26         SH:  0    Dex: 12    Spells: 2/2 levels left

rFire   . . .        a - +0 flail
rCold   . . .        (no shield)
rNeg    . . .        b - melded +0 scale mail
rPois   +            (helmet currently unavailable)
rElec   .            (cloak currently unavailable)
rCorr   .            (gloves currently unavailable)
SInv    .            (boots currently unavailable)
Will    .....        (no amulet)
Stlth   +            (no ring)
HPRegen 0.27/turn    (no ring)
MPRegen 0.08/turn

%: no passive effects
@: lethally poisoned (0 -> -1), tree-form
A: stationary, stasis, torment immunity, boosted hp, demonic magic 1
a: Renounce Religion


You were on level 2 of the Dungeon.
You worshipped Fedhas.
Fedhas was aware of your devotion.
You were a tree.
You visited 1 branch of the dungeon, and saw 2 of its levels.

You collected 26 gold pieces.

Inventory:

Hand Weapons
 a - a +0 flail (weapon)
Armour
 b - a +0 scale mail (melded)
 c - a +0 buckler
Scrolls
 e - a scroll of enchant weapon {unknown}
 f - a scroll of identify {unknown}
 h - a scroll of blinking {unknown}
 i - a scroll of enchant armour {unknown}
Potions
 d - a potion of might
 g - 3 potions of lignification


   Skills:
 + Level 3.3 Fighting
 + Level 2.2 Maces & Flails
 + Level 3.0 Armour
 + Level 3.0 Shields


You had 2 spell levels left.
You didn't know any spells.
Your spell library was empty.

Dungeon Overview and Level Annotations

Branches:
Dungeon (2/15)

Altars:
Fedhas
Beogh

Annotations:
D:2 Robin


Innate Abilities, Weirdness & Mutations

You are a tree.
Your roots penetrate the ground, keeping you stationary.
You cannot be teleported.
You are immune to unholy pain and torment.
Your maximum health is greatly increased.
Your equipment is partially melded.
Spells you cast may paralyse adjacent enemies.


Message History

Robin roars a battlecry!
The goblin goes into a battle-frenzy!
The adder bites you but does no damage. The goblin closely misses you.
The hobgoblin hits you but does no damage.
The adder bites you but does no damage.
Things that are here:
a +0 dagger; a +0 sling The adder attacks as it pursues you!
The adder closely misses you. The adder attacks as it pursues you!
The adder closely misses you. The adder bites you.
* * * LOW HITPOINT WARNING * * *
You are lethally poisoned!
The adder poisons you!
Robin says, "A pitiful Demonspawn like you will never find the ORB!"
* * * LOW HITPOINT WARNING * * *
You feel sick. The adder attacks as it pursues you!
The adder barely misses you. The adder bites you but does no damage.
* * * LOW HITPOINT WARNING * * *
You feel sick.
It was a potion of lignification.
You turn into a tree.
Your +0 scale mail melds into your body.
Your roots penetrate the ground.
* * * LOW HITPOINT WARNING * * *
You feel sick. The adder bites you but does no damage.
Unknown command.
Unknown command.
Unknown command.
You hit the adder but do no damage.
* * * LOW HITPOINT WARNING * * *
You feel sick.
The adder bites you but does no damage. x2
You hit the adder.
The adder is heavily wounded.
* * * LOW HITPOINT WARNING * * *
You feel sick. The adder completely misses you.
The adder bites you but does no damage.
You sock the adder!
You kill the adder!
Fedhas appreciates your contribution to the ecosystem.
You die...
Fedhas appreciates your contribution to the ecosystem.

.##g#.######
.##.#......#
.........#.#
###g####.#.#### #.#
#....... #.####..g####
#.......ggg.#
######...##g######.#..
#...##gg†♣.......
#....########.#..
#.#..# #.#....
..##.### #### .#


You could see 3 hobgoblins.

Vanquished Creatures
  An adder (D:2)
  2 dart slugs (D:1)
  An endoplasm (D:1)
  2 giant cockroaches (D:1)
  6 goblins
  6 hobgoblins (D:1)
  A quokka (D:1)
  A ball python (D:1)
  2 bats (D:1)
  2 kobolds (D:1)
  3 rats
27 creatures vanquished.

Notes
Turn   | Place    | Note
-------+----------+-------------------------------------------
     0 | D:1      | dialectric the Demonspawn Fighter began the quest for the
                  | Orb.
     0 | D:1      | Reached XP level 1. HP: 18/18 MP: 1/1
   177 | D:1      | Gained mutation: Spells you cast may paralyse adjacent
                  | enemies. [demonic ancestry]
   177 | D:1      | Reached XP level 2. HP: 24/24 MP: 2/2
   455 | D:1      | Found a roughly hewn altar of Beogh.
   494 | D:1      | Found a faded altar of an unknown god.
   501 | D:1      | Prayed at the altar of an unknown god.
   501 | D:1      | Became a worshipper of Fedhas Madash
   501 | D:1      | Reached * piety under Fedhas
   580 | D:1      | Reached XP level 3. HP: 29/29 MP: 3/3
   625 | D:2      | Noticed Robin
   657 | D:2      | HP: 1/43 [poisoned by an adder]
   659 | D:2      | Succumbed to an adder's poison

Illustrated notes

Levels and vault maps discovered:
D:1:      dpeg_arrival_tiny_k, layout_rooms,
          hellmonk_ecumenical_altar_defaced_shrine, corexii_corridor_pit,
          st_stairs_9, serial_bayou_lake_a
D:2:      layout_loops_ring, uniq_robin

Skill      XL: |  1  2 |
---------------+-------+-----
Maces & Flails | 2 |  2.2
Shields        | 3 |  3.0
Armour         | 3 |  3.0
Fighting       | |  3.3

Action                     || total
---------------------------++-------
  Melee: Flail             ||    71
    Use: Potion            ||     1
 Armour: Scale mail        ||    99
         Skin              ||     4
  Dodge: Dodged            ||    57

Table legend: (Time is in decaauts)
 A = Elapsed time spent in this place.
 B = Non-inter-level travel time spent in this place.
 C = Inter-level travel time spent in this place.
 D = Time resting spent in this place.
 E = Time spent auto-exploring this place.
 F = Levels seen in this place.
 G = Mean time per level.
                   A        B        C        D        E       F      G
               +--------+--------+--------+--------+--------+-----+--------+
         Total |    696 |    685 |     11 |      0 |    478 |   2 |  348.0 |
       Dungeon |    696 |    685 |     11 |      0 |    478 |   2 |  348.0 |
               +--------+--------+--------+--------+--------+-----+--------+

Top non-repeatable levels by time:
     D:1: 628 daAuts
     D:2: 68 daAuts
